| TOP OF THE 1ST |
|
State College Spikes batting - Pitching for Auburn Doubledays : RHP Josh Jenkins
|
|
Pitching: RHP Josh Jenkins
|
|
|
Batting: RHB Nick Latulippe
|
0-0: Ball 1-0: Called Strike 1-1: Foul Ball, location: 2F 1-2: Ball 2-2: Strikes out swinging
|
|
Batting: RHB Robby Hickman
|
0-0: Ball 1-0: Ball 2-0: Swinging Strike 2-1: Called Strike 2-2: Ground out 5-3 (Groundball, 5, EV 78.1 MPH)
|
|
Batting: RHB Joe Alley
|
0-0: Foul Ball, location: 2F 0-1: Ground out 1-3 (Groundball, P, EV 75.0 MPH)
|
| Top of the 1st over - 0 runs, 0 hits, 0 errors, 0 left on base; State College 0 - Auburn 0 |
| BOTTOM OF THE 1ST |
|
Auburn Doubledays batting - Pitching for State College Spikes : RHP Marcos Vergara
|
|
Pitching: RHP Marcos Vergara
|
|
|
Batting: RHB Bobby Bricker
|
0-0: Ball 1-0: SINGLE (Line Drive, 7S, EV 108.1 MPH)
|
|
Batting: RHB Victor Cintron
|
0-0: Swinging Strike 0-1: Ball 1-1: Foul Ball, location: 2F 1-2: Fielders Choice at 2nd, 4-6 (Groundball, 34, EV 86.9 MPH)
|
|
Batting: RHB Kevin Whitenack
|
0-0: Called Strike 0-1: Foul Ball, location: 2F 0-2: Fly out, F7 (Line Drive, 7S, EV 96.9 MPH)
|
|
Batting: RHB Slavik Nebrodov
|
0-0: Fly out, F8 (Flyball, 8LD, EV 90.6 MPH)
|
| Bottom of the 1st over - 0 runs, 1 hit, 0 errors, 1 left on base; State College 0 - Auburn 0 |
| TOP OF THE 2ND |
|
State College Spikes batting - Pitching for Auburn Doubledays : RHP Josh Jenkins
|
|
Batting: RHB Chris Norris
|
0-0: Ball 1-0: Ball 2-0: Swinging Strike 2-1: Called Strike 2-2: Strikes out swinging
|
|
Batting: LHB Travis Ruppel
|
0-0: Ball 1-0: Ball 2-0: Called Strike 2-1: Foul Ball, location: 2F 2-2: Strikes out swinging
|
|
Batting: RHB Tommy Tracy
|
0-0: Swinging Strike 0-1: Ball 1-1: Swinging Strike 1-2: Foul Ball, location: 2F 1-2: Strikes out swinging
|
| Top of the 2nd over - 0 runs, 0 hits, 0 errors, 0 left on base; State College 0 - Auburn 0 |
| BOTTOM OF THE 2ND |
|
Auburn Doubledays batting - Pitching for State College Spikes : RHP Marcos Vergara
|
|
Batting: RHB Jesus Malave
|
0-0: Swinging Strike 0-1: Foul Ball, location: 2F 0-2: Ball 1-2: Ball 2-2: Ball 3-2: Fly out, F7 (Flyball, 7D, EV 93.1 MPH)
|
|
Batting: SHB Curtis DeLille
|
0-0: Foul Ball, location: 2F 0-1: Called Strike 0-2: Strikes out looking
|
|
Batting: RHB Derek Moran
|
0-0: Ball 1-0: Ground out 5-3 (Groundball, 56S, EV 90.6 MPH)
|
| Bottom of the 2nd over - 0 runs, 0 hits, 0 errors, 0 left on base; State College 0 - Auburn 0 |
| TOP OF THE 3RD |
|
State College Spikes batting - Pitching for Auburn Doubledays : RHP Josh Jenkins
|
|
Batting: RHB Brad Payne
|
0-0: Swinging Strike 0-1: Ball 1-1: Ball 2-1: Swinging Strike 2-2: Strikes out swinging
|
|
Batting: RHB Yorkis Saiki
|
0-0: Ball 1-0: Ball 2-0: Ground out U3 (Groundball, 34, EV 91.9 MPH)
|
|
Batting: RHB Ben Politi
|
0-0: Called Strike 0-1: Ball 1-1: Ball 2-1: Called Strike 2-2: TRIPLE (Line Drive, 78XD, EV 101.2 MPH)
|
|
Batting: RHB Nick Latulippe
|
0-0: Ball 1-0: Foul Ball, location: 2F 1-1: Ball 2-1: 2-RUN HOME RUN (Flyball, 89XD, EV 115.6 MPH), Distance : 434 ft
|
|
Batting: RHB Robby Hickman
|
0-0: Called Strike 0-1: Fly out, F7 (Flyball, 78S, EV 90.0 MPH)
|
| Top of the 3rd over - 2 runs, 2 hits, 0 errors, 0 left on base; State College 2 - Auburn 0 |
| BOTTOM OF THE 3RD |
|
Auburn Doubledays batting - Pitching for State College Spikes : RHP Marcos Vergara
|
|
Batting: RHB Jim Towle
|
0-0: Foul Ball, location: 2F 0-1: Ball 1-1: Ball 2-1: Ball 3-1: Foul Ball, location: 2F 3-2: Foul Ball, location: 2F 3-2: Base on Balls
|
|
Batting: RHB Travis Stanley
|
0-0: Ball 1-0: Called Strike 1-1: Ball 2-1: Swinging Strike 2-2: Strikes out swinging
|
|
Batting: RHB Bobby Bricker
|
0-0: Ball 1-0: Foul Ball, location: 2F 1-1: Ball 2-1: Foul Ball, location: 2F 2-2: Ball 3-2: Fielders Choice at 2nd, 5-4 (Groundball, 56D, EV 103.1 MPH)
|
|
Batting: RHB Victor Cintron
|
0-0: Called Strike 0-1: Ball 1-1: Ball 2-1: Called Strike Bobby Bricker steals 2nd base 2-2: Ball 3-2: Ground out 5-3 (Groundball, 5L, EV 90.0 MPH)
|
| Bottom of the 3rd over - 0 runs, 0 hits, 0 errors, 1 left on base; State College 2 - Auburn 0 |
| TOP OF THE 4TH |
|
State College Spikes batting - Pitching for Auburn Doubledays : RHP Josh Jenkins
|
|
Batting: RHB Joe Alley
|
0-0: Called Strike 0-1: Ball 1-1: Ball 2-1: Called Strike 2-2: Ball 3-2: Strikes out swinging
|
|
Batting: RHB Chris Norris
|
0-0: Called Strike 0-1: Foul Ball, location: 2F 0-2: Ball 1-2: Hit by Pitch
|
|
Batting: LHB Travis Ruppel
|
0-0: Called Strike 0-1: Swinging Strike 0-2: Foul Ball, location: 2F 0-2: Ball 1-2: Ball Chris Norris is caught stealing 2nd base 2-6 2-2: Strikes out swinging
|
| Top of the 4th over - 0 runs, 0 hits, 0 errors, 0 left on base; State College 2 - Auburn 0 |
| BOTTOM OF THE 4TH |
|
Auburn Doubledays batting - Pitching for State College Spikes : RHP Marcos Vergara
|
|
Batting: RHB Kevin Whitenack
|
0-0: Ball 1-0: Ball 2-0: Ball 3-0: Base on Balls
|
|
Batting: RHB Slavik Nebrodov
|
0-0: Ball 1-0: Foul Ball, location: 2F 1-1: Foul Ball, location: 2F 1-2: DOUBLE (Groundball, 5L, EV 98.8 MPH) Kevin Whitenack to third
|
|
Batting: RHB Jesus Malave
|
0-0: Called Strike 0-1: Ball 1-1: Called Strike 1-2: Foul Ball, location: 2F 1-2: Ball 2-2: Ground out 6-3 (Groundball, 6MD, EV 100.0 MPH) Kevin Whitenack scores Slavik Nebrodov to third
|
|
Batting: SHB Curtis DeLille
|
0-0: Foul Ball, location: 2F 0-1: Foul Ball, location: 2F 0-2: Ball 1-2: Ball 2-2: Foul Ball, location: 2F 2-2: Ground out 6-3 (Groundball, 6S, EV 89.4 MPH) Slavik Nebrodov scores
|
|
Batting: RHB Derek Moran
|
0-0: Foul Ball, location: 2F 0-1: Swinging Strike 0-2: Strikes out looking
|
| Bottom of the 4th over - 2 runs, 1 hit, 0 errors, 0 left on base; State College 2 - Auburn 2 |
| TOP OF THE 5TH |
|
State College Spikes batting - Pitching for Auburn Doubledays : RHP Josh Jenkins
|
|
Batting: RHB Tommy Tracy
|
0-0: Foul Ball, location: 2F 0-1: Foul Ball, location: 2F 0-2: Foul Ball, location: 2F 0-2: Fly out, F2 (Popup, 2RF, EV 86.9 MPH)
|
|
Batting: RHB Brad Payne
|
0-0: Ball 1-0: Ground out 5-3 (Groundball, 56S, EV 83.8 MPH)
|
|
Batting: RHB Yorkis Saiki
|
0-0: Ball 1-0: Ball 2-0: Called Strike 2-1: Ball 3-1: Ground out 6-3 (Groundball, 6, EV 104.4 MPH)
|
| Top of the 5th over - 0 runs, 0 hits, 0 errors, 0 left on base; State College 2 - Auburn 2 |
| BOTTOM OF THE 5TH |
|
Auburn Doubledays batting - Pitching for State College Spikes : RHP Marcos Vergara
|
|
Batting: RHB Jim Towle
|
0-0: Called Strike 0-1: Fly out, F9 (Flyball, 9, EV 78.1 MPH)
|
|
Batting: RHB Travis Stanley
|
0-0: Ball 1-0: Ball 2-0: Foul Ball, location: 2F 2-1: Foul Ball, location: 2F 2-2: Foul Ball, location: 2F 2-2: Strikes out swinging
|
|
Batting: RHB Bobby Bricker
|
0-0: Ball 1-0: Ball 2-0: Called Strike 2-1: Ball 3-1: Base on Balls
|
|
Pitching: LHP Gonnohyoe Hata
|
|
|
Batting: RHB Victor Cintron
|
0-0: Called Strike 0-1: Ball 1-1: Foul Ball, location: 2F 1-2: SINGLE (Groundball, 56D, EV 108.1 MPH) Bobby Bricker to second Runner from 2nd tries for 3rd, OUT! 7-5
|
| Bottom of the 5th over - 0 runs, 1 hit, 0 errors, 1 left on base; State College 2 - Auburn 2 |
| TOP OF THE 6TH |
|
State College Spikes batting - Pitching for Auburn Doubledays : RHP Josh Jenkins
|
|
Pitching: RHP Roy Walker
|
|
|
Batting: RHB Ben Politi
|
0-0: Ball 1-0: Ball 2-0: DOUBLE (Line Drive, 7LM, EV 98.8 MPH)
|
|
Batting: RHB Nick Latulippe
|
0-0: Ball 1-0: Swinging Strike 1-1: Ball 2-1: Ball 3-1: Foul Ball, location: 2F 3-2: Strikes out looking
|
|
Batting: RHB Robby Hickman
|
0-0: Called Strike 0-1: Foul Ball, location: 2F 0-2: Ball 1-2: Strikes out swinging
|
|
Batting: RHB Joe Alley
|
0-0: Called Strike 0-1: Foul Ball, location: 2F 0-2: Fly out, F3 (Line Drive, 3, EV 70.0 MPH)
|
| Top of the 6th over - 0 runs, 1 hit, 0 errors, 1 left on base; State College 2 - Auburn 2 |
| BOTTOM OF THE 6TH |
|
Auburn Doubledays batting - Pitching for State College Spikes : LHP Gonnohyoe Hata
|
|
Batting: RHB Kevin Whitenack
|
0-0: Called Strike 0-1: Swinging Strike 0-2: Strikes out looking
|
|
Batting: RHB Slavik Nebrodov
|
0-0: Foul Ball, location: 2F 0-1: Called Strike 0-2: Ball 1-2: Ball 2-2: Reached on error, E6 (Groundball, 6, EV 101.9 MPH)
|
|
Batting: RHB Jesus Malave
|
Balk! Slavik Nebrodov to second 0-0: Called Strike 0-1: Foul Ball, location: 2F 0-2: Ball 1-2: Ground out 1-3 (Groundball, 34S, EV 64.4 MPH) Slavik Nebrodov to third
|
|
Batting: SHB Curtis DeLille
|
0-0: Ball 1-0: Swinging Strike Balk! Slavik Nebrodov scores 1-1: Ball 2-1: Called Strike 2-2: Strikes out looking
|
| Bottom of the 6th over - 1 run, 0 hits, 1 error, 0 left on base; State College 2 - Auburn 3 |
| TOP OF THE 7TH |
|
State College Spikes batting - Pitching for Auburn Doubledays : RHP Roy Walker
|
|
Pitching: RHP Chris Lawrence
|
|
|
Batting: RHB Chris Norris
|
0-0: Fly out, F8 (Flyball, 78S, EV 81.9 MPH)
|
|
Batting: LHB Travis Ruppel
|
0-0: Ball 1-0: Called Strike 1-1: Fly out, F9 (Flyball, 89M, EV 90.6 MPH)
|
|
Batting: RHB Tommy Tracy
|
0-0: Ball 1-0: Ball 2-0: Ball 3-0: Called Strike 3-1: Fly out, F9 (Flyball, 9, EV 93.1 MPH)
|
| Top of the 7th over - 0 runs, 0 hits, 0 errors, 0 left on base; State College 2 - Auburn 3 |
| BOTTOM OF THE 7TH |
|
Auburn Doubledays batting - Pitching for State College Spikes : LHP Gonnohyoe Hata
|
|
Pitching: LHP Andy Fitzsimmons
|
|
|
Batting: RHB Derek Moran
|
0-0: Called Strike 0-1: Ground out 5-3 (Groundball, 56, EV 83.1 MPH)
|
|
Batting: RHB Jim Towle
|
0-0: Swinging Strike 0-1: Ball 1-1: Ball 2-1: Ball 3-1: Base on Balls
|
|
Batting: RHB Travis Stanley
|
0-0: Ball 1-0: Ball 2-0: Ball 3-0: Base on Balls Jim Towle to second
|
|
Batting: RHB Bobby Bricker
|
0-0: Ball 1-0: Ball 2-0: Ball 3-0: Called Strike 3-1: 3-RUN HOME RUN (Flyball, 78XD, EV 113.8 MPH), Distance : 424 ft
|
|
Pitching: RHP Joe Cornell
|
|
|
Batting: RHB Victor Cintron
|
0-0: SINGLE (Groundball, 34S, EV 72.5 MPH) (infield hit)
|
|
Batting: RHB Kevin Whitenack
|
0-0: Ball 1-0: Ball 2-0: Called Strike 2-1: Ball Victor Cintron steals 2nd base 3-1: Base on Balls
|
|
Batting: RHB Slavik Nebrodov
|
0-0: Ball 1-0: Grounds into double play, 6-4-3 (Groundball, 6M, EV 107.5 MPH)
|
| Bottom of the 7th over - 3 runs, 2 hits, 0 errors, 1 left on base; State College 2 - Auburn 6 |
| TOP OF THE 8TH |
|
State College Spikes batting - Pitching for Auburn Doubledays : RHP Chris Lawrence
|
|
Batting: RHB Brad Payne
|
0-0: Ball 1-0: SOLO HOME RUN (Flyball, 78XD, EV 108.1 MPH), Distance : 422 ft
|
|
Batting: RHB Yorkis Saiki
|
0-0: Called Strike 0-1: Ball 1-1: Foul Ball, location: 2F 1-2: Ball 2-2: Strikes out swinging
|
|
Batting: RHB Ben Politi
|
0-0: Fly out, F8 (Flyball, 8RD, EV 91.9 MPH)
|
|
Batting: RHB Nick Latulippe
|
0-0: Ball 1-0: Called Strike 1-1: Ball 2-1: Foul Ball, location: 2F 2-2: Strikes out swinging
|
| Top of the 8th over - 1 run, 1 hit, 0 errors, 0 left on base; State College 3 - Auburn 6 |
| BOTTOM OF THE 8TH |
|
Auburn Doubledays batting - Pitching for State College Spikes : RHP Joe Cornell
|
|
Pitching: RHP Jason Meade
|
|
|
Batting: RHB Jesus Malave
|
0-0: Swinging Strike 0-1: Called Strike 0-2: Strikes out swinging
|
|
Batting: SHB Curtis DeLille
|
0-0: Ball 1-0: Ball 2-0: Ball 3-0: Base on Balls
|
|
Batting: RHB Derek Moran
|
0-0: Called Strike 0-1: Ball 1-1: Hit by Pitch Curtis DeLille to second
|
|
Batting: RHB Jim Towle
|
0-0: Ball 1-0: Ball 2-0: Called Strike 2-1: Foul Ball, location: 2F 2-2: Strikes out swinging
|
|
Batting: RHB Travis Stanley
|
0-0: Called Strike 0-1: Called Strike 0-2: Ball 1-2: Ball 2-2: Strikes out swinging
|
| Bottom of the 8th over - 0 runs, 0 hits, 0 errors, 2 left on base; State College 3 - Auburn 6 |
| TOP OF THE 9TH |
|
State College Spikes batting - Pitching for Auburn Doubledays : RHP Chris Lawrence
|
|
Pitching: RHP Caleb Westbay
|
|
|
Batting: RHB Robby Hickman
|
0-0: Ball 1-0: Called Strike 1-1: Single, Error in OF, E7, batter to second base (Groundball, 56D, EV 95.0 MPH)
|
|
Batting: RHB Joe Alley
|
0-0: Ball 1-0: Ball 2-0: SINGLE (Flyball, 9LS, EV 86.2 MPH) Robby Hickman to third
|
|
Batting: RHB Chris Norris
|
0-0: Foul Ball, location: 2F 0-1: Ball 1-1: Foul Ball, location: 2F 1-2: DOUBLE (Flyball, 89D, EV 102.5 MPH) Robby Hickman scores Joe Alley to third
|
|
Batting: LHB Travis Ruppel
|
0-0: Called Strike 0-1: Ball 1-1: SINGLE (Groundball, 3D, EV 102.5 MPH) Joe Alley scores Chris Norris to third
|
|
Batting: RHB Tommy Tracy
|
0-0: Called Strike 0-1: Ball 1-1: Foul Ball, location: 2F 1-2: Strikes out swinging
|
|
Batting: RHB Brad Payne
|
0-0: Grounds into double play, 6-4-3 (Groundball, 56, EV 103.1 MPH)
|
| Top of the 9th over - 2 runs, 4 hits, 1 error, 1 left on base; State College 5 - Auburn 6 |
|